 Dungeon Crawl Stone Soup version 0.21-a0-404-g291f19a (webtiles) character file.

1173 zxpr0jk the Ducker (level 8, -1/66 HPs)
             Began as a Vampire Gladiator on Oct 27, 2017.
             Was an Initiate of Cheibriados.
             Slain by Prince Ribbit (3 damage)
             ... on level 6 of the Dungeon.
             The game lasted 00:17:59 (4812 turns).

zxpr0jk the Ducker (Vampire Gladiator)              Turns: 4812, Time: 00:17:59

Health: -1/66      AC: 10    Str: 16    XL:     8   Next: 18%
Magic:  8/8        EV: 11    Int: 12    God:    Cheibriados [......]
Gold:   59         SH:  0    Dex: 23    Spells: 7/7 levels left

rFire    . . .     SeeInvis +   u - +1 falchion (slice)
rCold    + . .     Gourm    .   (no shield)
rNeg     + + +     Faith    .   f - +0 chain mail (curse)
rPois    +         Spirit   .   (helmet restricted)
rElec    .         Reflect  .   (no cloak)
rCorr    .         Harm     .   s - +0 pair of gloves
MR       .....                  (no boots)
Stlth    ..........             (no amulet)
HPRegen  0.10/turn              i - +4 ring of dexterity
MPRegen  0.11/turn              n - ring of Tenyuh {rN+ Dex+3}

@: regenerating slowly, very slow
A: antennae 1, fangs 3, see invisible, mutation resistance 1, robust 1,
unbreathing
a: Bat Form, Bend Time, Renounce Religion


You were on level 6 of the Dungeon.
You worshipped Cheibriados.
Cheibriados was noncommittal.
You were very thirsty.

You visited 1 branch of the dungeon, and saw 6 of its levels.

You collected 381 gold pieces.
You spent 322 gold pieces at shops.

Inventory:

Hand Weapons
 a - a +0 long sword
 u - a +1 falchion of slicing (weapon)
Armour
 f - a cursed +0 chain mail (worn)
 s - a +0 pair of gloves (worn)
 y - a +2 robe of fire resistance
Jewellery
 c - an uncursed ring of protection from fire
 i - a +4 ring of dexterity (left hand)
 n - the ring of Tenyuh (right hand) {rN+ Dex+3}
   (You bought it in a shop on level 6 of the Dungeon)

   [ring of dexterity]

   It affects your dexterity (+3).
   It protects you from negative energy.
Wands
 e - a wand of acid (10/15)
 h - a wand of polymorph (11/24)
 m - a wand of confusion (22/48)
Scrolls
 l - a scroll of identify
 q - a scroll of teleportation
Potions
 g - a potion of resistance
 A - a potion of curing
Books
 w - a book of Minor Magic

   Spells                             Type                      Level
   a - Magic Dart                     Conjuration                  1
   b - Blink                          Translocation                2
   c - Call Imp                       Summoning                    2
   d - Slow                           Hexes                        2
   e - Conjure Flame                  Conjuration/Fire             3
   f - Mephitic Cloud                 Conjuration/Poison/Air       3


   Skills:
 + Level 4.2 Fighting
 + Level 6.1 Long Blades
 - Level 1.5 Throwing
 * Level 3.5 Armour
 + Level 6.6 Dodging


You had 7 spell levels left.
You didn't know any spells.

Dungeon Overview and Level Annotations

Branches:
Dungeon (6/15)
 Temple: D:4-7

Altars:
Cheibriados
Fedhas
Sif Muna

Shops:
D:6 =

Portals:
Sewer: D:6

Annotations:
D:6 Prince Ribbit


Innate Abilities, Weirdness & Mutations

You heal slowly.
You have razor-sharp teeth.
You have supernaturally acute eyesight. (SInv)
You can survive without breathing.
You have a pair of small antennae on your head.
You are somewhat resistant to further mutation.
You are robust. (+10% HP)


Message History

Prince Ribbit hits you!
* * * LOW HITPOINT WARNING * * *
Prince Ribbit blinks!
You feel less invigorated.
You feel less confused.
Prince Ribbit hits you but does no damage.
Prince Ribbit hits you!
* * * LOW HITPOINT WARNING * * *
Prince Ribbit misses you.
You see here a giant cockroach corpse.
Your chain mail prevents you from hitting Prince Ribbit.
Prince Ribbit is lightly wounded.
Prince Ribbit hits you!
* * * LOW HITPOINT WARNING * * *
Prince Ribbit misses you.
You riposte.
You closely miss Prince Ribbit.
Prince Ribbit is lightly wounded.
You slash Prince Ribbit! Your bite misses Prince Ribbit.
Prince Ribbit is heavily wounded.
Prince Ribbit hits you.
You die...

#.#
#...........#
..
####.##≈...##
#.#
...###)≈≈.##
..≈##≈≈###
#≈.≈#≈.#
#≈≈≈#≈†#
#≈.≈#≈†#
#≈F≈#≈≈#
#≈@≈#≈≈#
#≈≈≈#≈≈#
##...≈≈#
##..≈## #####


You could see Prince Ribbit.

Vanquished Creatures
  The ghost of Lliillii the Cutter, an amateur VSGl (D:4)
  Duvessa (D:5)
  2 phantoms (D:4)
  An ogre (D:4)
  A centaur (D:5)
  Dowan (D:5)
  A bullfrog zombie (D:4)
  A quasit (D:5)
  A bullfrog skeleton (D:5)
  2 hounds
  An orc wizard (D:4)
  Jessica (D:2)
  Natasha (twice) (D:2)
  Terence (D:2)
  3 worker ants (D:4)
  Robin (D:3)
  7 adders
  2 worms
  A dart slug (D:1)
  6 leopard geckos
  8 orcs
  10 bats
  8 giant cockroaches
  7 hobgoblins
  5 kobolds
  A quokka (D:3)
  4 frilled lizards
  10 goblins
  5 rats
95 creatures vanquished.

Notes
Turn   | Place    | Note
-------+----------+-------------------------------------------
     0 | D:1      | zxpr0jk the Vampire Gladiator began the quest for the Orb.
     0 | D:1      | Reached XP level 1. HP: 16/16 MP: 1/1
   206 | D:1      | Reached XP level 2. HP: 22/22 MP: 2/2
   702 | D:2      | Noticed Natasha
   713 | D:2      | Gained mutation: You are partially covered in iridescent scales. (AC +2) [potion of mutation]
   713 | D:2      | Gained mutation: Potions are less effective at restoring your health. [potion of mutation]
   713 | D:2      | Gained mutation: You are resistant to hostile enchantments. (MR+) [potion of mutation]
   722 | D:2      | Killed Natasha
   722 | D:2      | Reached XP level 3. HP: 6/27 MP: 3/3
   745 | D:2      | Lost mutation: Potions are less effective at restoring your health. [potion of mutation]
   745 | D:2      | Lost mutation: You are resistant to hostile enchantments. (MR+) [potion of mutation]
   745 | D:2      | Gained mutation: You are resistant to hostile enchantments. (MR+) [potion of mutation]
  1066 | D:2      | Reached XP level 4. HP: 28/34 MP: 4/4
  1098 | D:2      | Noticed Jessica
  1102 | D:2      | Killed Jessica
  1117 | D:2      | Noticed Terence
  1170 | D:2      | Killed Terence
  1289 | D:2      | Reached XP level 5. HP: 37/39 MP: 5/5
  1454 | D:2      | Noticed Natasha
  1465 | D:2      | Killed Natasha
  1691 | D:3      | Noticed Robin
  1708 | D:3      | Killed Robin
  1749 | D:3      | Reached skill level 5 in Dodging
  1814 | D:3      | Found a deep blue altar of Sif Muna.
  2612 | D:4      | Lost mutation: You are partially covered in iridescent scales. (AC +2) [potion of mutation]
  2612 | D:4      | Lost mutation: You are resistant to hostile enchantments. (MR+) [potion of mutation]
  2612 | D:4      | Gained mutation: Potions are less effective at restoring your health. [potion of mutation]
  2612 | D:4      | Gained mutation: You have a pair of small antennae on your head. [potion of mutation]
  2612 | D:4      | Gained mutation: You tend to lose your temper in combat. [potion of mutation]
  2612 | D:4      | Gained mutation: You have a pair of antennae on your head. [potion of mutation]
  2613 | D:4      | Lost mutation: Potions are less effective at restoring your health. [potion of mutation]
  2613 | D:4      | Lost mutation: You have a pair of antennae on your head. [potion of mutation]
  2613 | D:4      | Gained mutation: You are robust. (+10% HP) [potion of mutation]
  2613 | D:4      | Lost mutation: You tend to lose your temper in combat. [potion of mutation]
  2613 | D:4      | Gained mutation: You are somewhat resistant to further mutation. [potion of mutation]
  2645 | D:4      | Noticed a phantom
  2665 | D:4      | Reached XP level 6. HP: 17/50 MP: 6/6
  2690 | D:4      | Reached skill level 5 in Long Blades
  2987 | D:4      | Found a blossoming altar of Fedhas.
  3141 | D:4      | Reached skill level 1 in Armour
  3141 | D:4      | Reached XP level 7. HP: 26/57 MP: 7/7
  3162 | D:4      | Noticed Lliillii's ghost (amateur VSGl)
  3192 | D:4      | Killed Lliillii's ghost
  3857 | D:5      | Entered Level 5 of the Dungeon
  4072 | D:5      | Noticed Duvessa
  4072 | D:5      | Noticed Dowan
  4080 | D:5      | Killed Dowan
  4080 | D:5      | Reached XP level 8. HP: 66/66 MP: 8/8
  4088 | D:5      | Killed Duvessa
  4144 | D:5      | Found a snail-covered altar of Cheibriados.
  4187 | D:5      | Became a worshipper of Cheibriados the Contemplative
  4670 | D:6      | Found Oraf's Jewellery Boutique.
  4674 | D:6      | Bought the ring of Tenyuh {rN+ Dex+3} for 322 gold pieces
  4727 | D:6      | Noticed Prince Ribbit
  4795 | D:6      | Found a glowing drain.
  4811 | D:6      | HP: 2/66 [Prince Ribbit (10)]
  4812 | D:6      | Slain by Prince Ribbit

Vault maps used:
D:1:      dpeg_arrival_water_altar
D:2:      serial_curves, eino_curves_03, eino_curves_02, minmay_pentomino_p2,
          uniq_jessica, uniq_natasha, uniq_terence
D:3:      lemuel_doored_altar, minivault_23, uniq_robin
D:4:      kennysheep_mini_moat
D:5:      cheibriados_altar_1, first_bread, uniq_duvessa
D:6:      gup_sewer_entry_pipe, enter_ossuary_1, serial_shops, shop,
          uniq_eustachio, uniq_prince_ribbit1

Skill      XL: |  1  2  3  4  5  6  7 |
---------------+----------------------+-----
Fighting       | 2 3 4 |  4.2
Dodging        | 4 5 6 |  6.6
Long Blades    | 4 5 6 |  6.1
Armour         | 1 3 |  3.5
Throwing       | |  1.5

Action                   |  1- 3 |  4- 6 |  7- 9 || total
-------------------------+-------+-------+-------++-------
Melee: Long sword        |    70 |    98 |       ||   168
       Bite              |     8 |    22 |    17 ||    47
       Unarmed           |       |     1 |       ||     1
       Falchion          |       |    68 |   110 ||   178
Throw: Throwing net      |     3 |     2 |     1 ||     6
  Use: Potion            |     4 |     2 |     7 ||    13
       Scroll            |     1 |       |    10 ||    11
 Stab: Sleeping          |     1 |     2 |       ||     3
       Held in net/web   |       |     2 |     1 ||     3
  Eat: Corpse            |     1 |     6 |     3 ||    10
Armor: Leather armour    |     7 |    17 |       ||    24
       Skin              |    11 |     7 |     3 ||    21
       Chain mail        |       |    33 |    50 ||    83
Dodge: Dodged            |    63 |   100 |    63 ||   226
       Rpst.: Long sword |    19 |    30 |       ||    49
       Falchion          |       |     6 |    20 ||    26

Table legend:
 A = Spawn XP
 B = Non-spawn XP
 C = Spawn XP percentage of total XP
 D = Spawn monster count
 E = Non-spawn monster count
 F = Spawn count percentage of total count
 G = Total turns spent on level
                    A         B        C        D         E        F      G
               +---------+---------+-------+---------+---------+-------+---------
         Total |       0 |    1676 |   0.0 |       0 |      95 |   0.0 |  4812
               +---------+---------+-------+---------+---------+-------+---------
           D:1 |       0 |      36 |   0.0 |       0 |      19 |   0.0 |   676
           D:2 |       0 |     208 |   0.0 |       0 |      20 |   0.0 |   966
           D:3 |       0 |      67 |   0.0 |       0 |      22 |   0.0 |   892
           D:4 |       0 |     877 |   0.0 |       0 |      17 |   0.0 |  1323
           D:5 |       0 |     473 |   0.0 |       0 |      11 |   0.0 |   813
           D:6 |       0 |      15 |   0.0 |       0 |       6 |   0.0 |   142
               +---------+---------+-------+---------+---------+-------+---------
